 Dungeon Crawl Stone Soup version 0.29.1-15-g9cfb28693d (webtiles) character file.

Game seed: 2888261763168890876

51 Carnifexus the Covert (level 3, 0/35 HPs)
             Began as a Gnoll Delver on Mar 24, 2023.
             Slain by an ogre
             ... wielding a +0 giant club
              (16 damage)
             ... on level 4 of the Dungeon.
             The game lasted 00:02:13 (408 turns).

Carnifexus the Covert (Gnoll Delver)                 Turns: 408, Time: 00:02:13

Health: 0/35       AC: 10    Str: 13    XL:     3   Next: 81%
Magic:  3/4        EV:  4    Int:  9    God:
Gold:   20         SH:  0    Dex: 13    Spells: 4/4 levels left

rFire   . . .      SeeInvis .   h - +0 glaive
rCold   . . .      Faith    .   (shield currently unavailable)
rNeg    . . .      Spirit   .   j - +0 plate armour
rPois   .          Reflect  .   (no helmet)
rElec   .          Harm     .   (no cloak)
rCorr   .          Rampage  .   (no gloves)
Will    .....                   (no boots)
Stlth   ..........              (no amulet)
HPRegen 0.11/turn               (no ring)
MPRegen 0.09/turn               (no ring)

@: no status effects
A: fangs 1, strong nose, distributed training
a: no special abilities


You were on level 4 of the Dungeon.
You visited 1 branch of the dungeon, and saw 2 of its levels.

You collected 20 gold pieces.

Inventory:

Hand Weapons
 a - a +0 falchion
 h - a +0 glaive (weapon)
Armour
 b - a +0 leather armour
 f - a +0 cloak
 j - a +0 plate armour (worn)
Wands
 g - a wand of digging (3)
Scrolls
 c - a scroll of fog
 d - 2 scrolls of magic mapping
 e - a scroll of fear
 i - 2 scrolls of identify {unknown}
 k - a scroll of blinking {unknown}
 l - a scroll of immolation {unknown}


   Skills:
 + Level 6.5 Fighting
 + Level 1.0 Short Blades
 + Level 4.6 Long Blades
 + Level 1.0 Axes
 + Level 1.0 Maces & Flails
 + Level 1.0 Polearms
 + Level 1.0 Staves
 + Level 1.0 Ranged Weapons
 + Level 1.0 Throwing
 + Level 1.0 Armour
 + Level 4.6 Dodging
 + Level 9.6 Stealth
 + Level 1.0 Shields
 + Level 1.0 Unarmed Combat
 + Level 1.0 Spellcasting
 + Level 0.7 Conjurations
 + Level 0.7 Hexes
 + Level 0.7 Summonings
 + Level 0.7 Necromancy
 + Level 0.7 Translocations
 + Level 0.7 Transmutations
 + Level 0.7 Fire Magic
 + Level 0.7 Ice Magic
 + Level 0.7 Air Magic
 + Level 0.7 Earth Magic
 + Level 0.7 Poison Magic
 + Level 1.1 Invocations
 + Level 1.0 Evocations


You had 4 spell levels left.
You didn't know any spells.
Your spell library contained the following spells:

 Spells                   Type           Power      Damage    Failure   Level
 Dazzling Flash           Conj/Hex       2%         N/A       100%        3
 Iskenderun's Mystic Bla  Conj/Tloc      1%         2d3       100%        4
 Starburst                Conj/Fire      0%         6d3       100%        6


Dungeon Overview and Level Annotations

Branches:
Dungeon (5/15)
 Temple: D:4-7

Altars:


Innate Abilities, Weirdness & Mutations

You have very sharp teeth.
Your uncanny sense of smell can sniff out nearby items.
Your experience applies equally to all skills.


Message History

A ball python and an ogre come into view.
The ball python hisses angrily.
The ogre shouts!
The orc hits you but does no damage. The orc hits you but does no damage.
You slash the orc wizard!
The orc wizard is almost dead.
The orc wizard hits you but does no damage.
The orc hits you but does no damage.
The orc wizard points at you and mumbles some strange words.
You resist with significant effort. The orc hits you but does no damage.
You barely miss the orc wizard.
The orc wizard is almost dead.
The orc wizard hits you but does no damage.
The orc barely misses you.
The orc wizard hits you but does no damage.
The orc hits you but does no damage. The ogre hits you with a +0 giant club.
You slash the orc wizard!
You kill the orc wizard!
The ball python bites you. The ball python grabs you.
The ball python constricts you. The orc barely misses you.
The ogre hits you with a +0 giant club!
The ball python bites you but does no damage.
The ball python constricts you.
Your Short Blades skill increases to level 1!
Your Axes skill increases to level 1!
Your Maces & Flails skill increases to level 1!
Your Polearms skill increases to level 1!
Your Staves skill increases to level 1!
Your Ranged Weapons skill increases to level 1!
Your Throwing skill increases to level 1!
Your Armour skill increases to level 1!
Your Shields skill increases to level 1!
Your Unarmed Combat skill increases to level 1!
Your Spellcasting skill increases to level 1!
Your Invocations skill increases to level 1!
Your Evocations skill increases to level 1!
You escape the ball python's grasp.
The ogre barely misses you. The ogre attacks as you move away!
The ogre hits you with a +0 giant club!
You die...

###.##...# #.......##
##......... ###
##.......... ###.##
#........#.. ##....##
##)##....# . #......#
#..#....##.
##...SO.#######.....†...
#..#..o@o##.##......#.>.
#..)#.#...#........##..#
##...###.#...........##..
#...##.###........#...#..
#.................#...#..
##.......................
#........###.............
#...####...
..###.........
#O)..#∆....#..$. .#....


You could see an ogre, 2 orcs and a ball python.

Vanquished Creatures
  An orc wizard (D:4)
  Natasha (D:4)
  A goblin (D:4)
3 creatures vanquished.

Notes
Turn   | Place    | Note
-------+----------+-------------------------------------------
     0 | D:5      | Reached skill level 9 in Stealth
     0 | D:5      | Carnifexus the Gnoll Delver began the quest for the Orb.
     0 | D:5      | Reached XP level 1. HP: 23/23 MP: 1/1
    36 | D:5      | Noticed an iguana
   287 | D:5      | Noticed an orc priest
   287 | D:5      | Noticed an orc priest
   312 | D:5      | Noticed an iguana
   339 | D:4      | Noticed Natasha
   341 | D:4      | Killed Natasha
   342 | D:4      | Reached XP level 2. HP: 29/29 MP: 2/2
   342 | D:4      | Reached XP level 3. HP: 35/35 MP: 3/3
   392 | D:4      | Noticed an ogre
   402 | D:4      | Reached skill level 1 in Short Blades
   402 | D:4      | Reached skill level 1 in Axes
   402 | D:4      | Reached skill level 1 in Maces & Flails
   402 | D:4      | Reached skill level 1 in Polearms
   402 | D:4      | Reached skill level 1 in Staves
   402 | D:4      | Reached skill level 1 in Ranged Weapons
   402 | D:4      | Reached skill level 1 in Throwing
   402 | D:4      | Reached skill level 1 in Armour
   402 | D:4      | Reached skill level 1 in Shields
   402 | D:4      | Reached skill level 1 in Unarmed Combat
   402 | D:4      | Reached skill level 1 in Spellcasting
   402 | D:4      | Reached skill level 1 in Invocations
   402 | D:4      | Reached skill level 1 in Evocations
   408 | D:4      | Slain by an ogre

Illustrated notes

Levels and vault maps discovered:
D:4:      layout_cave_pools, grunt_gozag_breadcrumbs,
          mainiacjoe_overflow_large_starburst, serial_bayou_lake_a, uniq_edmund,
          uniq_blork_the_orc, uniq_natasha
D:5:      layout_gridville, nicolae_vehumet_altar_sigil,
          grunt_decor_mini_mirrors, nicolae_eternal_life

Skill      XL: |  1  2  3 |
---------------+----------+-----
Stealth        | |  9.6
Short Blades   | 1 |  1.0
Axes           | 1 |  1.0
Maces & Flails | 1 |  1.0
Polearms       | 1 |  1.0
Staves         | 1 |  1.0
Ranged Weapons | 1 |  1.0
Throwing       | 1 |  1.0
Armour         | 1 |  1.0
Shields        | 1 |  1.0
Unarmed Combat | 1 |  1.0
Spellcasting   | 1 |  1.0
Invocations    | 1 |  1.1
Evocations     | 1 |  1.0
Fighting       | |  6.5
Long Blades    | |  4.6
Dodging        | |  4.6
Conjurations   | |  0.7
Hexes          | |  0.7
Summonings     | |  0.7
Necromancy     | |  0.7
Translocations | |  0.7
Transmutations | |  0.7
Fire Magic     | |  0.7
Ice Magic      | |  0.7
Air Magic      | |  0.7
Earth Magic    | |  0.7
Poison Magic   | |  0.7

Action                   || total
-------------------------++-------
Melee: Glaive            ||     5
  Use: Potion            ||     1
Armor: Plate armour      ||     9
Dodge: Dodged            ||     3
